AoeStats
← AOKI_Shogi

Nomad

510418377Analyzed
3v3 RM · 2d ago on Sep 30, 2026· 32m 55s· 6 players
Game mode
Random Map
Map size
210×210
Population
200
Speed
Normal
Resources
Standard
Victory
Conquest
Starting age
Dark Age
Ending age
Imperial Age
RankedLock teamsTeams togetherTeam positionsShared explorationLock speedFull tech treeHidden civsTurbo modeCheats
Victory
Defeat
🇨🇭 Malians · Switzerland
1475
+12
🇫🇷 Mongols · France
1415
+15
🇫🇷 Wu · France
1389
+16
🇦🇷 Varangians · Argentina
1424
-16
🇨🇴 Teutons · Colombia
1391
-14
🇪🇸 Ethiopians · Spain
1347
-13
BehCoY
13:09 Feudal Age
16:44 Castle Age
15:05 Double-Bit Axe
15:15 Gold Mining
17:50 Medium Warships
20:48 Bow Saw
21:26 Careening
21:28 Clinker Construction
21:30 Careening
22:16 Loom
22:22 Town Watch
27:21 Fletching
27:55 Ballistics
29:10 Horse Collar
29:23 Stone Mining
30:26 Heavy Plow
31:06 Treadmill Crane
35:27 Imperial Age
Yarcla
4:20 Loom
13:34 Feudal Age
14:04 Double-Bit Axe
19:13 Castle Age
17:32 Gold Mining
18:20 Scale Barding Armor
18:49 Bloodlines
18:35 Fishing Lines
19:18 Forging
20:22 Chain Barding Armor
25:19 Iron Casting
25:12 Husbandry
25:46 Gillnets
29:47 Wheelbarrow
34:51 Imperial Age
32:45 Hand Cart
33:27 Bow Saw
AOKI_Shogi
10:45 Loom
14:52 Feudal Age
15:19 Town Watch
15:32 Fishing Lines
19:56 Castle Age
18:17 Fletching
19:31 Scale Mail Armor
19:35 Arson
20:02 Forging
20:58 Chain Mail Armor
24:14 Padded Archer Armor
24:08 Gold Mining
24:51 Bodkin Arrow
25:57 Leather Archer Armor
26:36 Ballistics
28:51 Red Cliffs Tactics
29:07 Stone Mining
31:43 Wheelbarrow
30:55 Double-Bit Axe
30:52 Horse Collar
Pijus Magnificus
4:44 Loom
13:10 Feudal Age
15:06 Town Watch
15:42 Fletching
17:43 Padded Archer Armor
CTM | El Inadecuado
10:52 Loom
11:04 Loom
14:08 Feudal Age
18:21 Castle Age
19:12 Medium Warships
19:10 Fishing Lines
22:54 Scale Barding Armor
23:55 Forging
24:05 Chain Barding Armor
24:50 Double-Bit Axe
25:21 Bloodlines
27:34 Iron Casting
FkeVriX
5:29 Loom
14:00 Feudal Age
14:32 Double-Bit Axe
14:08 Man-at-Arms
16:48 Arson
19:45 Gold Mining
22:24 Castle Age
20:30 Fletching
20:51 Horse Collar
22:51 Scale Barding Armor
23:18 Medium Warships
23:08 Bodkin Arrow
25:55 Wheelbarrow
29:17 Bow Saw
30:28 Forging
31:23 Chain Barding Armor
32:46 Hand Cart
32:24 Town Watch
32:55 Stone Mining
Connection lost

Rejoining the realm…

Still unreachable

The connection could not be restored.

Session expired

The server has moved on; the page needs a fresh start.